 Dungeon Crawl Stone Soup version 0.31.0-1-g2c135a008e (webtiles) character file.

Game seed: 17222417410768385369

46 qw the Shooter (level 3, 0/29 HPs)
             Began as a Djinni Hunter on Jan 23, 2024.
             Slain by a gnoll
             ... wielding a +0 club
              (3 damage)
             ... on level 2 of the Dungeon.
             The game lasted 00:00:09 (1287 turns).

qw the Shooter (Djinni Hunter)                      Turns: 1287, Time: 00:00:09

Health: 0/29       AC:  3    Str: 10    XL:     3   Next: 95%
Gold:   48         EV: 12    Int: 10    God:
                   SH:  0    Dex: 18

rFire   + . .        a - +0 shortbow
rCold   . . .        (shield currently unavailable)
rNeg    . . .        c - +0 leather armour
rPois   inf          (no helmet)
rElec   .            (no cloak)
rCorr   .            (no gloves)
SInv    .            (boots unavailable)
Will    .....        (no amulet)
Stlth   ++           k - ring of ice
HPRegen 0.24/turn    (no ring)
MPRegen 0.00/turn

%: infuse magic (-1 HP)
@: flying
A: sickness immunity, fire resistance 2, cold vulnerability 1, float, innate
caster, HP casting, extra vitality 1
a: no special abilities


You were on level 2 of the Dungeon.
You visited 1 branch of the dungeon, and saw 2 of its levels.

You collected 48 gold pieces.


Innate Abilities, Weirdness & Mutations

You are immune to sickness and miasma.
You are immune to poison.
Your flesh is very heat resistant. (rF++)
You are vulnerable to cold. (rC-)
You float through the air rather than walking.
You learn spells naturally, not from books.
Your magical power is your life essence.
You have superior vitality. (+4 MHP)


   Skills:
 + Level 2.9 Fighting
 - Level 4.0 Ranged Weapons
 - Level 2.1 Dodging
 - Level 0.7 Stealth


You knew the following spells:

 Your Spells              Type           Power      Damage    Failure   Level
a - Freeze                Ice            0%         1d3       45%         1
Your spell library was empty.

Inventory:

Hand Weapons
 a - a +0 shortbow (weapon)
Armour
 c - a +0 leather armour (worn)
Jewellery
 k - a ring of ice (left hand)
Scrolls
 b - a scroll of identify
Potions
 d - a potion of curing
 e - a potion of might {unknown}
 i - a potion of resistance

Dungeon Overview and Level Annotations

Branches:
Dungeon (2/15)

Altars:


Message History

Enter note:
Enter note:
1275 ||| RETREEEEATING.
You shoot an arrow. The arrow hits the gnoll!
The gnoll is heavily wounded.
The gnoll hits you but does no damage.
You shoot an arrow. The arrow hits the gnoll.
The gnoll is moderately wounded.
The gnoll barely misses you.
You shoot an arrow. The arrow barely misses the gnoll. x2
The gnoll misses you.
You shoot an arrow. The arrow barely misses the gnoll.
The arrow hits the gnoll.
The gnoll is severely wounded.
The gnoll hits you with a +0 club.
The gnoll hits you from afar with a +0 halberd!
1280 ||| RETREEEEATING.
The gnoll attacks as it pursues you! The gnoll completely misses you.
You shoot an arrow. The arrow hits the gnoll.
The gnoll is moderately wounded.
The gnoll hits you with a +0 club. The gnoll barely misses you.
The gnoll closely misses you. The gnoll barely misses you.
1282 ||| RETREEEEATING.
The gnoll attacks as it pursues you!
The gnoll hits you from afar with a +0 halberd!
You shoot an arrow. The arrow hits the gnoll.
The gnoll is heavily wounded.
The gnoll barely misses you.
Enter note:
Enter note:
Enter note:
Enter note:
1284 ||| RETREEEEATING.
Found a red potion.
Enter note:
Enter note:
1285 ||| RETREEEEATING.
The gnoll attacks as it pursues you! The gnoll hits you but does no damage.
1286 ||| RETREEEEATING.
You shoot an arrow. The arrow completely misses the gnoll.
The gnoll hits you with a +0 club.
You die...

...g......## .
...##....##
#..####.##.....####
.........g.......?#
##..###.)##..?..## ....#
#..##..g.## ...#
#..####.## # #..#
#..####g####.#
#.##..###)....@........
..#
###..........####..###.##
#.# .... #..###..## #..#
#)# .....#...)....# ...#
####.#
....>...........#...
..##.#
.....##.###.#...#.!#.
#.##.#
........###...........
#.##.#
##.###)...%.......##
###.##.#####
#.###...####.#.###
#.........


You could see 2 gnolls.

Vanquished Creatures
  2 dart slugs (D:2)
  A ribbon worm (D:2)
  3 endoplasms (D:1)
  3 giant cockroaches (D:1)
  2 goblins (D:1)
  4 hobgoblins
  5 kobolds
  3 quokkas (D:1)
  3 ball pythons
  6 bats
  A frilled lizard (D:1)
  4 rats (D:1)
37 creatures vanquished.

Notes
Turn   | Place    | Note
-------+----------+-------------------------------------------
     0 | D:1      | qw the Djinni Hunter began the quest for the Orb.
     0 | D:1      | Reached XP level 1. HP: 18/18 MP: 0/0
     0 | D:1      | 0 ||| qw: Version: 0.3-a-136-gdd3b4e8
     0 | D:1      | 0 ||| qw: Game counter: 1174
     0 | D:1      | 0 ||| qw: Melee chars always use a shield: true
     0 | D:1      | 0 ||| qw: God list: Okawaru
     0 | D:1      | 0 ||| qw: Allow faded altars: false
     0 | D:1      | 0 ||| qw: Do Orc after clearing Dungeon:15 true
     0 | D:1      | 0 ||| qw: Do second Lair branch before Depths: true
     0 | D:1      | 0 ||| qw: Lair rune preference: random
     0 | D:1      | 0 ||| qw: Goals: Normal
     0 | D:1      | 0 ||| PLANNING D:1-11
    89 | D:1      | Reached XP level 2. HP: 23/23 MP: 0/0
   155 | D:1      | Found a faded altar of an unknown god.
   599 | D:1      | Reached skill level 4 in Ranged Weapons
   599 | D:1      | Reached XP level 3. HP: 28/28 MP: 0/0
   599 | D:1      | Learned a level 1 spell: Freeze
   871 | D:1      | 871 ||| UPGRADING to ring of ice.
   872 | D:1      | 872 ||| READING scroll labelled ENUMOURR DACS.
   873 | D:1      | 873 ||| READING scroll labelled JIBRES DIULIELUO.
   878 | D:1      | 878 ||| READING 2 scrolls labelled IMPIQ HUWIU.
   878 | D:1      | 878 ||| IDENTIFYING bubbling red potion
   879 | D:1      | 879 ||| READING scroll of identify.
   879 | D:1      | 879 ||| IDENTIFYING silvery potion
   880 | D:1      | 880 ||| READING 3 scrolls labelled UDEF RIODAYGRY.
   881 | D:1      | 881 ||| DRINKING 2 metallic amethyst potions.
   882 | D:1      | 882 ||| DROPPING scroll of butterflies.
   883 | D:1      | 883 ||| DROPPING potion of lignification.
   884 | D:1      | 884 ||| DROPPING 2 scrolls of noise.
  1272 | D:2      | 1272 ||| RETREEEEATING.
  1273 | D:2      | 1273 ||| RETREEEEATING.
  1274 | D:2      | 1274 ||| RETREEEEATING.
  1275 | D:2      | 1275 ||| RETREEEEATING.
  1280 | D:2      | 1280 ||| RETREEEEATING.
  1282 | D:2      | 1282 ||| RETREEEEATING.
  1282 | D:2      | HP: 2/29 [gnoll/+0 halberd (12)]
  1284 | D:2      | 1284 ||| RETREEEEATING.
  1285 | D:2      | 1285 ||| RETREEEEATING.
  1286 | D:2      | 1286 ||| RETREEEEATING.
  1287 | D:2      | Slain by a gnoll

Levels and vault maps discovered:
D:1:      lightli_arrival_farm, layout_loops_ring, basic_ecumenical_altar
D:2:      layout_loops_ring

Skill      XL: |  1  2 |
---------------+-------+-----
Ranged Weapons | 4 |  4.0
Fighting       | |  2.9
Dodging        | |  2.1
Stealth        | |  0.7

Action                     || total
---------------------------++-------
   Fire: Shortbow          ||   118
    Use: Scroll            ||     5
         Potion            ||     1
 Armour: Leather armour    ||    27
  Dodge: Dodged            ||    44

Table legend:
 A = Non-vault XP
 B = Vault XP
 C = Vault XP percentage of total XP
 D = Non-vault monster count
 E = Vault monster count
 F = Vault count percentage of total count
                 A         B        C        D         E       F
            +---------+---------+-------+---------+---------+-------
      Total |      67 |       0 |   0.0 |      37 |       0 |   0.0
            +---------+---------+-------+---------+---------+-------
        D:1 |      41 |       0 |   0.0 |      26 |       0 |   0.0
        D:2 |      26 |       0 |   0.0 |      11 |       0 |   0.0
            +---------+---------+-------+---------+---------+-------
